 Dungeon Crawl Stone Soup version 0.20.0-15-g7f486f2 (webtiles) character file.

15441 greprep the Basher (level 12, -9/103 HPs)
             Began as a Minotaur Fighter on June 24, 2017.
             Was an Elder of Cheibriados.
             Mangled by a skeletal warrior
             ... wielding a +0 glaive
             ... led by a death knight
              (16 damage)
             ... on level 11 of the Dungeon.
             The game lasted 00:31:46 (17017 turns).

greprep the Basher (Minotaur Fighter)              Turns: 17017, Time: 00:31:47

Health: -9/103     AC: 11    Str: 36    XL:     12   Next: 1%
Magic:  11/15      EV: 17    Int: 14    God:    Cheibriados [****..]
Gold:   661        SH: 14    Dex: 18    Spells: 14/16 levels left

rFire    . . .     SeeInvis .   r - +0 morningstar
rCold    . . .     Gourm    .   c - +0 shield
rNeg     + . .     Faith    .   w - +0 ring mail of the Last Wishes {Stlth+}
rPois    +         Spirit   .   x - +0 hat
rElec    .         Reflect  .   F - +2 cloak
rCorr    .         Harm     .   (no gloves)
MR       .....                  j - +0 pair of boots
Stlth    ++........             (no amulet)
Regen    0.3/turn               d - ring of poison resistance
MPRegen  0.2/turn               y - ring of positive energy

@: very slow
A: retaliatory headbutt, horns 2
a: Bend Time, Temporal Distortion, Slouch, Renounce Religion


You were on level 11 of the Dungeon.
You worshipped Cheibriados.
Cheibriados was greatly pleased with you.
You were near starving.

You visited 2 branches of the dungeon, and saw 12 of its levels.

You collected 661 gold pieces.

Inventory:

Hand Weapons
 r - a +0 morningstar (weapon)
Armour
 c - a +0 shield (worn)
 j - a +0 pair of boots (worn)
 w - the +0 ring mail of the Last Wishes (worn) {Stlth+}
   (You found it on level 4 of the Dungeon)

   It makes you more stealthy.
 x - a +0 hat (worn)
 F - a +2 cloak (worn)
Jewellery
 d - a ring of poison resistance (left hand)
 y - a ring of positive energy (right hand)
Wands
 g - a wand of confusion (22/48)
 u - a wand of confusion (23/48)
 G - a wand of lightning (6/15)
 H - a wand of disintegration (17/24)
Scrolls
 b - 2 scrolls of random uselessness {unknown}
 f - a scroll of amnesia {unknown}
 h - 6 scrolls of remove curse
 s - 2 scrolls of teleportation
 t - 2 scrolls of enchant armour
 C - 2 scrolls of fog
 D - a scroll of immolation {unknown}
 E - a scroll of fear
 I - a scroll of enchant weapon {unknown}
Potions
 a - a potion of lignification {unknown}
 k - a potion of invisibility {unknown}
 m - a potion of magic {unknown}
 o - a potion of flight
 p - 3 potions of curing
Books
 e - a book of Clouds

   Spells                             Type                      Level
   a - Poisonous Vapours              Poison/Air                   2
   b - Mephitic Cloud                 Conjuration/Poison/Air       3
   c - Conjure Flame                  Conjuration/Fire             3
   d - Freezing Cloud                 Conjuration/Ice/Air          6
   e - Ring of Flames                 Charms/Fire                  7
 v - a book of Frost

   Spells                             Type                      Level
   a - Freeze                         Ice                          1
   b - Throw Frost                    Conjuration/Ice              2
   c - Ozocubu's Armour               Charms/Ice                   3
   d - Throw Icicle                   Conjuration/Ice              4
   e - Summon Ice Beast               Ice/Summoning                4
Comestibles
 i - 3 royal jellies
 l - 4 fruits
 n - 4 bread rations
 A - 5 meat rations


   Skills:
 + Level 8.5 Fighting
 + Level 11.7 Maces & Flails
 + Level 9.0 Armour
 * Level 8.8 Dodging
 + Level 9.4 Shields
 * Level 2.7 Spellcasting
 * Level 3.1 Air Magic
 * Level 2.4 Poison Magic
 * Level 6.0 Invocations
 + Level 0.5 Evocations


You had 14 spell levels left.
You knew the following spells:

 Your Spells              Type           Power        Failure   Level  Hunger
a - Poisonous Vapours     Pois/Air       #.....       28%         2    ###....


Dungeon Overview and Level Annotations

Branches:
Dungeon (11/15)            Temple (1/1) D:6            Lair (0/6) D:11
    Orc: D:9-12

Altars:
Ashenzari
Cheibriados
Dithmenos
Elyvilon
Fedhas
Hepliaklqana
Kikubaaqudgha
Okawaru
Qazlal
Ru
Sif Muna
Trog
Xom
Yredelemnul

Shops:
D:5 (


Innate Abilities, Weirdness & Mutations

You reflexively headbutt those who attack you in melee.
You have a pair of horns on your head.


Message History

You feel stronger. x2
You block the skeletal warrior's attack.
You can feel time thicken for a moment.
You feel somewhat more hungry.
Cheibriados lowers the support of your attributes as your movement quickens.
The death knight reflects your damage back at you!
* * * LOW HITPOINT WARNING * * *
The death knight hits you with an enchanted great mace!!
* * * LOW HITPOINT WARNING * * *
You block the skeletal warrior's attack.
Okay, then.
As you read the scroll of fear, it crumbles to dust.
You assume a fearsome visage.
The death knight looks frightened!
The skeletal warrior is unaffected.
The freezing wraith is unaffected.
A wraith comes into view.
Unknown command.
The skeletal warrior hits you but does no damage.
The death knight's dark mirror aura disappears.
The death knight seems to regain its courage.
The skeletal warrior hits you from afar with a glaive!
You die...

....#....#......#.......$..
....#....#......#.........W
....###'##......#.....p...W
#####...........#...W.#
.........##########'###########
.........#....###.W.###.......#
.........#....#E#z..#E#.......#
.........#....###...###.......#
#####....#......@.............#
....#............._...........#
....#....#####................#
....#....#....###...###.......#
....'....#....#E#...#E#.......#
....#....#....###...###.......#
....#....#....................#
....#########'#####'###^......#
#####....#............#.......#


You could see a skeletal warrior, an earth elemental, a freezing wraith, a water
elemental, a fire elemental, an air elemental and a wraith.

Vanquished Creatures
  Josephine (D:10)
  Erica (D:8)
  2 two-headed ogres (D:9)
  The ghost of Wanze the Skirmisher, a novice DrHu of Qazlal (D:8)
  3 ugly things (D:11)
  A phantasmal warrior (D:11)
  A cyclops (D:11)
  Maurice (D:8)
  A gargoyle (D:9)
  Psyche (D:8)
  A merfolk (D:10)
  Prince Ribbit (D:5)
  2 trolls
  2 hippogriffs
  3 wraiths (D:10)
  6 yaks (D:11)
  6 hungry ghosts
  Menkaure (D:8)
  A water moccasin (D:6)
  A porcupine (D:11)
  4 sky beasts
  4 ice beasts
  3 black bears
  A necrophage (D:7)
  4 orc warriors
  8 ogres
  4 phantoms
  3 centaurs
  2 big kobolds
  A gnoll sergeant (D:7)
  2 bullfrogs
  A water moccasin zombie (D:6)
  4 scorpions
  3 killer bees (D:5)
  7 wights (D:8)
  3 electric eels (D:7)
  3 crimson imps
  A bullfrog zombie (D:6)
  3 hounds
  3 jellies
  3 orc priests
  2 bullfrog skeletons
  2 centaur skeletons
  Jessica (D:2)
  2 iguanas
  9 orc wizards
  10 worker ants
  A killer bee zombie (D:9)
  2 hound zombies
  14 adders
  13 gnolls
  2 shadow imps
  An ooze (D:2)
  5 worms
  9 dart slugs
  9 leopard geckos
  36 orcs
  2 ball pythons
  10 giant cockroaches
  10 goblins
  7 hobgoblins
  2 jackals (D:7)
  11 quokkas
  11 bats
  4 frilled lizards
  17 kobolds
  A leopard gecko skeleton (D:4)
  A quokka skeleton (D:6)
  2 quokka zombies
  6 rats
  A butterfly (D:10)
307 creatures vanquished.

Vanquished Creatures (others)
  A dart slug (D:7)
1 creature vanquished.

Grand Total: 308 creatures vanquished

Notes
Turn   | Place    | Note
-------+----------+-------------------------------------------
     0 | D:1      | greprep the Minotaur Fighter began the quest for the Orb.
     0 | D:1      | Reached XP level 1. HP: 19/19 MP: 0/0
   928 | D:1      | Reached XP level 2. HP: 22/27 MP: 1/1
  1512 | D:1      | Reached XP level 3. HP: 29/33 MP: 2/2
  1779 | D:2      | Reached skill level 1 in Dodging
  1842 | D:2      | Noticed Jessica
  1844 | D:2      | Reached skill level 3 in Maces & Flails
  1848 | D:2      | Killed Jessica
  1848 | D:2      | Reached XP level 4. HP: 40/40 MP: 3/3
  2591 | D:2      | Reached XP level 5. HP: 46/46 MP: 4/4
  2599 | D:2      | Reached skill level 5 in Shields
  2817 | D:2      | Reached skill level 5 in Armour
  3852 | D:3      | Noticed an ogre
  3858 | D:3      | Killed an ogre
  3858 | D:3      | Reached skill level 4 in Maces & Flails
  3858 | D:3      | Reached XP level 6. HP: 37/52 MP: 5/5
  4101 | D:3      | Found a sacrificial altar of Ru.
  4442 | D:4      | Reached skill level 5 in Maces & Flails
  4889 | D:4      | Reached XP level 7. HP: 54/60 MP: 6/6
  5393 | D:4      | Got a bronze ring mail
  5417 | D:4      | Identified the cursed +0 ring mail of the Last Wishes {Stlth+} (You found it on level 4 of the Dungeon)
  5602 | D:5      | Entered Level 5 of the Dungeon
  5602 | D:5      | Found a blossoming altar of Fedhas.
  5605 | D:5      | Found a shattered altar of Ashenzari.
  5666 | D:5      | Reached skill level 6 in Maces & Flails
  5688 | D:5      | Found Xaywka's Antique Weapon Shop.
  5709 | D:5      | Reached skill level 5 in Fighting
  5960 | D:5      | Found a shattered altar of Ashenzari.
  5961 | D:5      | Noticed Prince Ribbit
  5973 | D:5      | Killed Prince Ribbit
  5973 | D:5      | Reached XP level 8. HP: 68/68 MP: 7/7
  6028 | D:5      | Reached skill level 7 in Maces & Flails
  6084 | D:5      | Noticed Menkaure
  6124 | D:5      | HP: 3/69 [poisoned by a killer bee]
  7270 | D:6      | Reached skill level 8 in Maces & Flails
  7295 | D:6      | Found a sacrificial altar of Ru.
  7429 | D:6      | Reached skill level 5 in Dodging
  7717 | D:6      | Found a staircase to the Ecumenical Temple.
  7734 | Temple   | Entered the Ecumenical Temple
  7738 | Temple   | Became a worshipper of Cheibriados the Contemplative
  7872 | D:6      | Reached XP level 9. HP: 69/75 MP: 8/8
  8605 | D:7      | Reached skill level 1 in Invocations
  8813 | D:7      | Reached * piety under Cheibriados
  9014 | D:7      | Reached skill level 9 in Maces & Flails
 10611 | D:8      | Killed Menkaure
 10771 | D:8      | Reached ** piety under Cheibriados
 10771 | D:8      | Reached XP level 10. HP: 82/83 MP: 11/11
 10935 | D:8      | Noticed Maurice
 11147 | D:8      | Noticed Wanze's ghost (novice DrHu)
 11176 | D:8      | Killed Wanze's ghost
 11176 | D:8      | Reached skill level 10 in Maces & Flails
 11405 | D:8      | Noticed Erica
 11408 | D:8      | Noticed Psyche
 11426 | D:8      | Killed Erica
 11433 | D:8      | Killed Psyche
 11739 | D:8      | Learned a level 2 spell: Poisonous Vapours
 11927 | D:8      | Killed Maurice
 12149 | D:9      | Found a basalt altar of Yredelemnul.
 12195 | D:9      | Found a bloodstained altar of Trog.
 12195 | D:9      | Found a hazy altar of Hepliaklqana.
 12197 | D:9      | Found a white marble altar of Elyvilon.
 12197 | D:9      | Found an ancient bone altar of Kikubaaqudgha.
 12263 | D:9      | Reached skill level 1 in Air Magic
 12349 | D:9      | Reached *** piety under Cheibriados
 12513 | D:9      | Noticed a two-headed ogre
 12524 | D:9      | Killed a two-headed ogre
 12524 | D:9      | Reached skill level 1 in Poison Magic
 12767 | D:9      | Reached skill level 1 in Spellcasting
 12804 | D:9      | Reached XP level 11. HP: 93/93 MP: 13/13
 12995 | D:9      | Noticed a two-headed ogre
 13005 | D:9      | Killed a two-headed ogre
 13481 | D:10     | Entered Level 10 of the Dungeon
 13619 | D:10     | Noticed Josephine
 13645 | D:10     | Killed Josephine
 13651 | D:10     | Reached skill level 11 in Maces & Flails
 13657 | D:10     | Reached skill level 5 in Invocations
 14751 | D:10     | Reached **** piety under Cheibriados
 15960 | D:11     | Found a staircase to the Lair.
 15995 | D:11     | Reached ***** piety under Cheibriados
 16155 | D:11     | Found a stormy altar of Qazlal.
 16169 | D:11     | Noticed a green ugly thing
 16175 | D:11     | Killed a green ugly thing
 16207 | D:11     | Noticed a white ugly thing
 16208 | D:11     | Noticed a brown ugly thing
 16222 | D:11     | Killed a brown ugly thing
 16665 | D:11     | Killed a brown ugly thing
 17004 | D:11     | Found a white marble altar of Elyvilon.
 17004 | D:11     | Noticed a phantasmal warrior
 17004 | D:11     | Noticed a skeletal warrior
 17008 | D:11     | Noticed a death knight
 17012 | D:11     | Killed a phantasmal warrior
 17012 | D:11     | Reached XP level 12. HP: 41/103 MP: 15/15
 17013 | D:11     | HP: 5/103 [death knight/enchanted great mace (25)]
 17017 | D:11     | Mangled by a skeletal warrior

Skill      XL: |  1  2  3  4  5  6  7  8  9 10 11 |
---------------+----------------------------------+-----
Armour         | 4 5 6 7 8 9 |  9.0
Shields        | 4 5 6 7 8 9 |  9.4
Dodging        | 1 2 3 4 5 6 8 |  8.8
Maces & Flails | 3 4 5 6 8 9 10 11 | 11.7
Fighting       | 4 5 6 7 8 |  8.5
Invocations    | 2 4 6 |  6.0
Air Magic      | 1 3 |  3.1
Poison Magic   | 1 2 |  2.4
Spellcasting   | 1 2 |  2.7
Evocations     | |  0.5

Action                   |  1- 3 |  4- 6 |  7- 9 | 10-12 || total
-------------------------+-------+-------+-------+-------++-------
Melee: Flail             |    98 |   196 |   377 |       ||   671
       Headbutt          |    13 |    25 |    77 |   100 ||   215
       Morningstar       |       |       |     1 |   382 ||   383
Invok: Bend Time         |       |       |     3 |     2 ||     5
       Slouch            |       |       |       |     2 ||     2
 Abil: Evoke Berserk Rag |       |       |     1 |       ||     1
  Use: Scroll            |       |       |    15 |     6 ||    21
       Potion            |       |       |     2 |     8 ||    10
 Stab: Sleeping          |       |       |     3 |     6 ||     9
       Distracted        |       |       |       |     1 ||     1
  Eat: Chunk             |     2 |     5 |     9 |     1 ||    17
       Bread ration      |       |     1 |     2 |     1 ||     4
       Meat ration       |       |       |     1 |     1 ||     2
       Fruit             |       |       |       |     1 ||     1
Armor: Scale mail        |    48 |    72 |     4 |       ||   124
       Ring mail         |       |       |    77 |    74 ||   151
Dodge: Dodged            |    38 |    65 |   146 |   181 ||   430
Block: Shield            |    62 |   102 |   182 |   248 ||   594
